 Dungeon Crawl Stone Soup version bcrawl-1.40.1 (webtiles) character file.

Game seed: 6384855089021774126

5626581 Mehrunes the Warrior (level 22, -12/180 HPs)
             Began as a Mummy Fire Elementalist on Oct 28, 2023.
             Was the Champion of Vehumet.
             Mangled by an ironheart beastmaster
             ... wielding a +5 whip of holy wrath
              (21 damage)
             ... on level 1 of the Vaults.
             The game lasted 04:30:39 (73238 turns).

Mehrunes the Warrior (Mummy Fire Elementalist)     Turns: 73238, Time: 04:30:40

Health: -12/180    AC: 22    Str: 17    XL:     22   Next: 30%
Magic:  27/54      EV: 15    Int: 29    God:    Vehumet [******]
Gold:   2954       SH: 11    Dex: 13    Spells: 12/54 levels left

rFire    + + .     GDR:     32% N - staff of power
rCold    + . .     SeeInvis .   W - +4 buckler {reflect}
rNeg     + + +     Gourm    .   o - quicksilver dragon scales
rPois    ∞         Faith    .   V - +1 helmet of Jaumos {rElec Str+4}
rElec    +         Spirit   .   S - +2 cloak
rCorr    .         Reflect  +   Q - +0 pair of gloves
MR       +....     Clarity  +   K - +2 pair of boots of the Sacrificial Victim {rElec rF+++ MR- Slay-6}
Stlth    +.........             v - amulet of magic regeneration
HPRegen  0.40/turn              b - ring "Tiluel" {+Fly Int+3}
MPRegen  0.80/turn              z - +4 ring of intelligence

@: vulnerable, flying, very slightly contaminated, slowed, very slow
A: no food or potions, fire vulnerability, clarity, cold resistance 1, negative
energy resistance 3, torment resistance, unbreathing, strong hexes 1
}: 2/15 runes: decaying, gossamer
a: Renounce Religion, Stop Flying


You were on level 1 of the Vaults.
You worshipped Vehumet.
Vehumet was exalted by your worship.
You were not hungry.

You visited 8 branches of the dungeon, and saw 33 of its levels.

You collected 3907 gold pieces.
You spent 953 gold pieces at shops.

Inventory:

Hand Weapons
 B - a +0 rapier of draining
Missiles
 d - 7786 stones
 E - 2 throwing nets (quivered) {=f}
Armour
 g - a +2 ring mail of fire resistance
 o - quicksilver dragon scales (worn)
 u - the +3 leather armour of Decompression {+Fly MR+ Int+2 Stlth+}
   (You took it off Boris on level 3 of the Depths)

   It affects your intelligence (+2).
   It affects your resistance to hostile enchantments.
   It lets you fly.
   It makes you more stealthy.
 K - the +2 pair of boots of the Sacrificial Victim (worn) {rElec rF+++ MR- Slay-6}
   (You acquired it on level 2 of the Lair of Beasts)

   It affects your accuracy and damage with ranged weapons and melee attacks
   (-6).
   It renders you almost immune to fire.
   It insulates you from electricity.
   It affects your resistance to hostile enchantments.
 L - the +3 ring mail of Cocytus {*Drain rC+++ Str-5 Slay+6}
   (You found it on level 3 of the Swamp)

   It affects your strength (-5).
   It affects your accuracy and damage with ranged weapons and melee attacks
   (+6).
   It renders you almost immune to cold.
   It causes draining when unequipped.
 Q - a +0 pair of gloves (worn)
 S - a +2 cloak (worn)
 V - the +1 helmet of Jaumos (worn) {rElec Str+4}
   (You found it on level 1 of the Depths)

   It affects your strength (+4).
   It insulates you from electricity.
 W - a +4 buckler of reflection (worn)
Magical Staves
 i - an uncursed staff of conjuration
 N - an uncursed staff of power (weapon)
Jewellery
 a - the ring "Visir" {+Inv +Fly}
   (You found it on level 2 of the Swamp)

   [ring of flight]

   It lets you turn invisible.
   It lets you fly.
 b - the ring "Tiluel" (left hand) {+Fly Int+3}
   (You bought it in a shop in the Orcish Mines)

   [ring of flight]

   It affects your intelligence (+3).
   It lets you fly.
 f - an uncursed amulet of faith
 l - an uncursed ring of see invisible
 p - an uncursed ring of resist corrosion
 v - an amulet of magic regeneration (around neck)
 y - an uncursed ring of insulation
 z - a +4 ring of intelligence (right hand)
 H - the ring "Sioplin" {Fire rElec}
   (You found it on level 2 of the Lair of Beasts)

   [ring of fire]

   It enhances your fire magic.
   It protects you from fire.
   It makes you vulnerable to cold.
   It insulates you from electricity.
 M - the ring of Mouqutho {rF+ rC+}
   (You found it on level 6 of the Lair of Beasts)

   [ring of protection from cold]

   It protects you from fire.
   It protects you from cold.
 P - the amulet "Derunloxu" {Rage rC++ Str+4}
   (You found it on level 2 of the Spider Nest)

   [amulet of rage]

   It affects your strength (+4).
   It greatly protects you from cold.
 Y - an uncursed amulet of regeneration
Wands
 c - a wand of flame (37)
 n - a wand of random effects (15)
 s - a wand of paralysis (46)
 w - a wand of iceblast (9)
 D - a wand of digging (13)
 J - a wand of charming (8)
 R - a wand of polymorph (24)
 X - a wand of disintegration (22)
Scrolls
 e - 4 scrolls of enchant weapon
 h - 8 scrolls of immolation
 k - 3 scrolls of revelation
 m - 14 scrolls of remove curse
 q - 3 scrolls of amnesia
 r - 3 scrolls of enchant armour
 x - 5 scrolls of fog
 A - a scroll of vulnerability
 F - 2 scrolls of noise
 G - a scroll of torment
 I - 2 scrolls of brand weapon
Miscellaneous
 j - a fan of gales (2/2)
 O - a sack of spiders
 T - a lamp of fire
 Z - a phial of floods


   Skills:
 + Level 16.9 Fighting
 - Level 4.7(5.0) Short Blades
   Level 2.2(3.7) Long Blades
 - Level 8.0 Armour
 - Level 9.5 Dodging
 - Level 2.1 Stealth
 + Level 8.0 Shields
 + Level 16.9 Spellcasting
 - Level 13.0 Conjurations
 + Level 14.0 Hexes
 - Level 3.0 Transmutations
 + Level 14.3 Fire Magic
 - Level 12.0 Ice Magic


You had 12 spell levels left.
You knew the following spells:

 Your Spells              Type           Power        Failure   Level  Hunger
a - Orb of Destruction    Conj           #######...   6%          7    N/A
b - Conjure Flame         Conj/Fire      #######.     1%          3    N/A
c - Ozocubu's Refrigerat  Ice            #######...   1%          6    N/A
d - Ignition              Hex/Fire       ########..   26%         8    N/A
f - Irradiate             Conj/Tmut      ######....   1%          5    N/A
g - Bolt of Fire          Conj/Fire      #######...   1%          6    N/A
h - Icicle Burst          Conj/Ice       #######...   7%          7    N/A

Your spell library contained the following spells:

 Spells                   Type           Power        Failure   Level  Hunger
 Glaciate                 Conj/Ice/Air   ######....   94%         8    N/A
 Chain Lightning          Conj/Air       ######....   99%         8    N/A
 Lehudib's Crystal Spear  Conj/Erth      ######....   99%         8    N/A
 Flame Tongue             Conj/Fire      #####        0%          1    N/A
 Magic Dart               Conj           ####         1%          1    N/A
 Flaming Arrows           Chrm/Fire      ######..     1%          2    N/A
 Shock                    Conj/Air       ######.      1%          2    N/A
 Inner Flame              Hex/Fire       N/A          1%          3    N/A
 Mephitic Cloud           Conj/Pois/Air  #####...     1%          3    N/A
 Ozocubu's Armour         Chrm/Ice       ######..     1%          3    N/A
 Spectral Weapon          Hex/Chrm       #######.     1%          3    N/A
 Lightning Bolt           Conj/Air       ######..     1%          4    N/A
 Sticky Flame             Conj/Fire      #######.     1%          4    N/A
 Fireball                 Conj/Fire      #######...   1%          5    N/A
 Metabolic Englaciation   Hex/Ice        ########..   1%          5    N/A
 Mana Rupture             Conj/Hex       ########..   4%          7    N/A
 Infusion                 Chrm           ###.....     5%          1    N/A
 Static Discharge         Air            ###...       5%          1    N/A
 Blink                    Tloc           N/A          8%          2    N/A
 Call Imp                 Summ           ###...       8%          2    N/A
 Song of Slaying          Chrm           ###.....     8%          2    N/A
 Swiftness                Chrm/Air       ###.....     8%          2    N/A
 Discord                  Hex            ########..   14%         7    N/A
 Recall                   Summ/Tloc      N/A          16%         3    N/A
 Conjure Ball Lightning   Conj/Air       ######....   16%         6    N/A
 Animate Dead             Necr           N/A          45%         4    N/A
 Simulacrum               Ice/Necr       ######..     56%         6    N/A
 Infestation              Hex/Tmut/Pois  ######...    61%         6    N/A
 Dispel Undead            Necr           ###.....     82%         5    N/A
 Summon Fire Elementals   Fire/Summ      ######...    93%         7    N/A
 Death Channel            Chrm/Necr      ###.......   100%        6    N/A
 Tornado                  Tloc/Air       ###.......   100%        8    N/A
 Shatter                  Erth           ###.......   100%        9    N/A
 Tree Form                Hex/Tmut       Unusable     N/A         4    N/A
 Spider Form              Tmut/Pois      Unusable     N/A         3    N/A
 Regeneration             Chrm/Necr      Unusable     N/A         3    N/A
 Statue Form              Tmut/Erth      Unusable     N/A         6    N/A
 Dragon Form              Tmut           Unusable     N/A         7    N/A
 Necromutation            Tmut/Necr      Unusable     N/A         8    N/A

Dungeon Overview and Level Annotations

Branches:
Dungeon (12/12)            Temple (0/1) D:7            Lair (6/6) D:9
  Swamp (3/3) Lair:4       Spider (3/3) Lair:2        Slime (0/5) Orc
    Orc (1/1) D:8          Vaults (1/3) D:11         Forest (3/3) Lair:5
 Depths (4/5) D:12
  Crypt: Vaults:1-2

Altars:
Cheibriados
Dithmenos
Gozag
Kikubaaqudgha
Lugonu
Nemelex Xobeh
Okawaru
Ru
Sif Muna
Trog
Uskayaw
Vehumet
Wu Jian
Xom
Yredelemnul
Jiyva

Shops:
D:8 (   Orc !![*=

Portals:
Hell: Depths:1 Depths:2 Depths:3 Depths:4
Abyss: Lair:6 Depths:2
Pandemonium: Depths:3
Ziggurat: Depths:1
Trove: D:8 (give +4 storm dragon scales)

Annotations:
D:1 1 exclusion
D:2 Sigmund
D:6 1 exclusion
D:8 1 exclusion
D:11 1 exclusion
D:12 1 runed door, 1 exclusion, Roxanne; kuniqs's ghost, journeyman AvCj
Lair:4 1 exclusion
Swamp:1 1 exclusion
Spider:2 1 exclusion
Forest:3 the Enchantress
Depths:1 exclusion: downstairs
Depths:2 exclusions: downstairs and upstairs
Depths:4 3 runed translucent doors, exclusion: 3 doors, zoran's ghost, veteran VSSp


Innate Abilities, Weirdness & Mutations

You do not eat or drink.
Your flesh is vulnerable to fire.
You are immune to poison.
You possess an exceptional clarity of mind.
Your flesh is cold resistant. (rC+)
You are immune to negative energy. (rN+++)
You are immune to unholy pain and torment.
You can survive without breathing.
Your hexes are more powerful.


Message History

Casting: Icicle Burst (quite dangerous; 7% risk of failure)
Confirm with . or Enter, or press ? or * to list all spells.
Aiming: Icicle Burst (quite dangerous; 7% risk of failure)
Press: ? - help, Shift-Dir - straight line, f/p - dire elephant
Aim: a dire elephant (severely wounded)
The burst of ice shards hits the wraith!!
The burst of ice shards hits the dire elephant.
The burst of ice shards hits the dire elephant!
The burst of ice shards hits the dire elephant!!
You kill the dire elephant!
Vehumet accepts your kill.
You feel your power returning.
The burst of ice shards hits the ironheart beastmaster.
The burst of ice shards hits the ironheart beastmaster!!
The burst of ice shards hits the ironheart beastmaster!
The burst of ice shards hits the ironheart beastmaster.
The wraith is heavily damaged.
The ironheart beastmaster is severely wounded.
The ironheart beastmaster hits you from afar with a +5 whip of holy wrath!!
You die...

..# .). ... .?##
... p). ... .D#
... .)#
#(#######[.#.#.#
#.((.@.[[.......
#..)W†D[######.#
#....p∩.#
#.......#
#.......#
#.[(.[..#
#'###)### ⌠..
... #.. ...


You could see an ice dragon, an ironheart beastmaster and a wraith.

Vanquished Creatures
  Xtahua (Depths:4)
  2 golden dragons (Depths:4)
  A Killer Klown (Depths:4)
  Boris (Depths:3)
  Saint Roka (Depths:4)
  7 caustic shrikes
  Nikola (Swamp:3)
  A bone dragon (Swamp:2)
  3 liches
  A tentacled monstrosity (Depths:4)
  A wendigo (Forest:3)
  A titan (Depths:4)
  Kirke (D:11)
  3 sphinxes
  A quicksilver dragon (Depths:4)
  Agnes (Spider:3)
  A storm dragon (Depths:3)
  5 thorn hunters
  A tengu reaver (Depths:4)
  5 fire giants
  A greenwood witch (Forest:2)
  6 frost giants
  An apis (Forest:2)
  A deep elf sorcerer (Vaults:1)
  2 balrugs
  3 emperor scorpions
  Aizul (Lair:4)
  4 ghost moths (Spider:3)
  3 mutant beasts (D:11)
  2 vault wardens (Vaults:1)
  A caustic shrike skeleton (Depths:3)
  2 juggernaut zombies (Depths:3)
  An elemental wellspring (Forest:2)
  A caustic shrike zombie (Depths:3)
  11 stone giants
  An ironheart preserver (Vaults:1)
  3 juggernaut skeletons (Depths:3)
  6 spriggan defenders
  14 very ugly things
  4 vampire knights
  3 jiangshi (Depths:3)
  A deep elf demonologist (Vaults:1)
  2 entropy weavers (Spider:3)
  A deep elf annihilator (Depths:4)
  6 spark wasps
  7 dire elephants
  A blizzard demon (Depths:1)
  A deep elf death mage (Vaults:1)
  9 ettins
  2 yaktaur captains
  A deep elf high priest (Depths:3)
  9 fire dragons
  Josephine (Lair:4)
  6 ice dragons
  Harold (D:9)
  3 rakshasas
  A catoblepas (Lair:6)
  11 spriggan air magi
  18 hydras
  A quicksilver dragon skeleton (Depths:3)
  5 ghost crabs
  A two-headed ogre (shapeshifter) (Depths:3)
  24 death yaks
  6 great orbs of eyes
  6 satyrs
  5 ogre magi
  11 alligators
  7 anacondas
  6 shambling mangroves
  10 deep troll shamans
  3 vampire magi
  18 two-headed ogres
  3 tengu warriors
  9 deep troll earth magi
  4 thrashing horrors (Lair:6)
  10 spriggan berserkers
  A titan zombie (Depths:3)
  2 deep elf knights
  35 deep trolls
  4 sun demons
  A storm dragon zombie (Depths:3)
  Nergalle (Lair:4)
  4 iron trolls
  5 centaur warriors
  3 hell knights (Depths:4)
  6 flayed ghosts
  A salamander mystic (Depths:4)
  A spectral hydra (Swamp:3)
  3 unseen horrors
  A spark wasp zombie (Depths:4)
  2 spriggan druids
  5 deep elf archers
  2 orange crystal statues (Spider:2)
  2 golden dragon zombies
  An ironheart convoker (Vaults:1)
  A wolf spider zombie (D:12)
  A harpy (Depths:2)
  A glowing orange brain (Depths:3)
  2 orc knights
  A mana viper (shapeshifter) (Depths:1)
  2 cyclopes
  2 necromancers
  21 wolf spiders
  8 deep elf magi
  2 wizards
  23 orb spiders
  An orc sorcerer (D:12)
  2 phantasmal warriors
  2 shadow dragon skeletons (Depths:3)
  7 manticores
  18 ugly things
  2 oklob plants (Forest:2)
  7 fauns
  3 salamanders
  2 stone giant skeletons (Depths:3)
  2 stone giant zombies
  A moth of wrath (Spider:3)
  A frost giant skeleton (Depths:3)
  A vault sentinel (Vaults:1)
  A water nymph (Forest:2)
  A merfolk siren (Forest:2)
  A spriggan zombie (Depths:4)
  A fire giant skeleton (Depths:3)
  An iron dragon skeleton (Depths:3)
  27 will-o'-wisps
  5 black mambas
  14 cane toads
  4 smoke demons
  A guardian serpent (shapeshifter) (Lair:6)
  A torpor snail (Spider:1)
  A gargoyle (D:12)
  2 rime drakes
  3 swamp worm zombies (Swamp:3)
  A freezing wraith (D:9)
  10 demonic crawlers
  A yaktaur zombie (Depths:1)
  A hellion (Depths:3)
  24 jumping spiders
  4 flying skulls (Depths:3)
  An efreet (D:11)
  4 hellwings (Depths:3)
  21 yaktaurs
  4 komodo dragons
  4 ice devils
  2 dryads (Forest:3)
  2 red devils (Depths:3)
  3 ancient zymes (Lair:6)
  2 polar bears (Lair:6)
  2 trolls
  2 harpy skeletons
  2 hydra zombies (Swamp:3)
  40 hornets
  A slime creature (shapeshifter) (Depths:4)
  10 bog bodies
  8 tyrant leeches
  49 slime creatures
  4 alligator zombies (Swamp:3)
  19 blink frogs
  5 dream sheep (Lair:6)
  4 spectral swamp dragons (Swamp:3)
  12 hippogriffs
  A meliai zombie (D:12)
  A stone giant simulacrum (Depths:1)
  7 water elementals
  85 yaks
  20 spriggans
  28 tarantellas
  A black mamba skeleton (D:10)
  6 wraiths
  2 shadows
  A ynoxinul (Lair:6)
  A deep troll skeleton (Depths:1)
  A basilisk (shapeshifter) (D:12)
  4 hogs (D:11)
  4 wyverns
  A yak (shapeshifter) (Vaults:1)
  Eustachio (D:4)
  3 hungry ghosts
  3 basilisks
  62 redbacks
  2 chaos spawn (Lair:6)
  6 swamp worms
  7 vampire mosquitoes (Swamp:3)
  An acid dragon (D:10)
  14 crocodiles
  A hell hound (Depths:2)
  3 swamp drakes
  4 water moccasins
  8 porcupines
  A hornet zombie (D:12)
  2 black bears
  4 ice beasts
  16 orc warriors
  4 sky beasts
  5 swamp dragon zombies (Swamp:3)
  8 phantoms
  A necrophage (D:10)
  34 ogres
  4 wolves (Lair:1)
  8 boggarts
  13 bullfrogs
  A kobold brigand (D:12)
  A wyvern skeleton (D:5)
  9 centaurs
  4 scorpions
  2 troll zombies (D:8)
  8 killer bees
  14 wights
  3 howler monkeys
  14 orc priests
  18 crimson imps
  2 electric eels
  A bullfrog zombie (D:5)
  7 jellies
  3 hounds
  21 orc wizards
  A bullfrog skeleton (D:5)
  6 iguanas
  A spectral swamp drake (Swamp:3)
  9 worker ants
  9 small abominations (Lair:6)
  6 ogre zombies (D:8)
  A hound zombie (D:2)
  A hound skeleton (D:4)
  Robin (D:2)
  2 swamp drake zombies (Swamp:3)
  11 adders
  2 shadow imps
  7 white imps
  4 oozes
  An adder zombie (D:5)
  4 worms
  A dart slug (D:2)
  4 leopard geckos
  91 orcs
  2 ball pythons
  5 giant cockroaches
  12 goblins
  8 hobgoblins
  4 jackals
  14 kobolds
  4 quokkas
  2 bats
  4 frilled lizards
  A goblin skeleton (D:8)
  3 goblin zombies (D:8)
  A hobgoblin zombie (D:8)
  A jackal skeleton (D:6)
  3 orc skeletons (D:8)
  17 orc zombies (D:8)
  A quokka zombie (D:2)
  6 rats
  7 briar patches
  A bush (Forest:1)
  A fire vortex (Depths:4)
  2 fungi (Lair:6)
  176 plants
1741 creatures vanquished.

Vanquished Creatures (collateral kills)
  2 emperor scorpions (Spider:2)
  An orb spider (Spider:2)
  A wolf spider (Spider:2)
  2 jumping spiders (Spider:2)
  A tarantella (Spider:2)
7 creatures vanquished.

Vanquished Creatures (others)
  2 yaktaur captains
  A yaktaur (Vaults:1)
  A crimson imp (Depths:1)
  An orc wizard (D:4)
  3 fire vortices
  4 fungi
  380 plants
392 creatures vanquished.

Grand Total: 2140 creatures vanquished

Notes
Turn   | Place    | Note
-------+----------+-------------------------------------------
     0 | D:1      | Mehrunes the Mummy Fire Elementalist began the quest for
                  | the Orb.
     0 | D:1      | Reached XP level 1. HP: 13/13 MP: 4/4
   326 | D:1      | Reached skill level 1 in Conjurations
   328 | D:1      | Reached XP level 2. HP: 20/20 MP: 2/5
   696 | D:1      | Reached skill level 1 in Fighting
   796 | D:1      | Reached XP level 3. HP: 26/26 MP: 5/7
  1110 | D:2      | Noticed Sigmund
  1560 | D:2      | Noticed Robin
  1568 | D:2      | Killed Robin
  1699 | D:2      | Reached XP level 4. HP: 32/32 MP: 7/9
  1868 | D:2      | Learned a level 3 spell: Conjure Flame
  1873 | D:2      | Learned a level 4 spell: Sticky Flame
  1905 | D:2      | Found a shimmering altar of Xom.
  2024 | D:2      | Found a sacrificial altar of Ru.
  2110 | D:2      | Found a basalt altar of Yredelemnul.
  2225 | D:2      | Noticed an ogre
  2236 | D:2      | Killed an ogre
  2237 | D:2      | Reached skill level 1 in Long Blades
  2237 | D:2      | Reached XP level 5. HP: 38/38 MP: 3/10
  3136 | D:3      | Reached XP level 6. HP: 28/44 MP: 6/12
  3422 | D:3      | Found a radiant altar of Vehumet.
  3433 | D:3      | Became a worshipper of Vehumet
  4052 | D:4      | Reached XP level 7. HP: 40/51 MP: 13/13
  4106 | D:4      | Noticed Eustachio
  4167 | D:4      | Killed Eustachio
  4616 | D:4      | Reached skill level 1 in Short Blades
  4758 | D:5      | Entered Level 5 of the Dungeon
  4971 | D:5      | Reached XP level 8. HP: 60/60 MP: 14/14
  5700 | D:5      | Reached * piety under Vehumet
  5700 | D:5      | Offered knowledge of Sting by Vehumet.
  5823 | D:5      | Found a shadowy altar of Dithmenos.
  6887 | D:6      | Found a white marble altar of Elyvilon.
  7017 | D:6      | Found an opulent altar of Gozag.
  7022 | D:6      | Found a bloodstained altar of Trog.
  7700 | D:7      | Reached XP level 9. HP: 67/67 MP: 1/15
  8209 | D:7      | Reached skill level 5 in Fighting
  8209 | D:7      | Reached skill level 5 in Fire Magic
  8906 | D:7      | Found a staircase to the Ecumenical Temple.
  8969 | D:7      | Learned a level 5 spell: Fireball
  8981 | D:7      | Reached skill level 5 in Dodging
  9301 | D:7      | Reached skill level 5 in Conjurations
  9422 | D:7      | Reached ** piety under Vehumet
  9422 | D:7      | Offered knowledge of Searing Ray by Vehumet.
  9426 | D:7      | Learned a level 2 spell: Searing Ray
  9637 | D:8      | Found Nuese's Weapon Shoppe.
  9701 | D:8      | Found a portal to a secret trove of treasure.
  9780 | D:8      | Found a staircase to the Orcish Mines.
 10118 | D:8      | Reached XP level 10. HP: 48/76 MP: 6/16
 10596 | D:8      | Offered knowledge of Ignite Poison by Vehumet.
 10972 | D:8      | Reached *** piety under Vehumet
 11212 | D:8      | Found an ancient bone altar of Kikubaaqudgha.
 11276 | D:8      | Offered knowledge of Fulminant Prism by Vehumet.
 11698 | D:8      | Found a shimmering blue altar of Sif Muna.
 11918 | D:8      | Found an ornate altar of the Wu Jian Council.
 12377 | D:8      | Found a snail-covered altar of Cheibriados.
 12425 | D:9      | Noticed a death yak
 12425 | D:9      | Noticed a death yak
 12471 | D:9      | Found a sparkling altar of Nemelex Xobeh.
 12471 | D:9      | Found a staircase to the Lair.
 12471 | D:9      | Noticed a death yak
 12471 | D:9      | Noticed a death yak
 12534 | D:8      | Killed a death yak
 12535 | D:8      | Reached XP level 11. HP: 74/84 MP: 7/18
 12705 | D:9      | Noticed a death yak
 12755 | D:8      | Killed a death yak
 12756 | D:8      | Reached skill level 5 in Spellcasting
 12952 | D:8      | Killed a death yak
 13109 | D:8      | Killed a death yak
 13302 | D:8      | Killed a death yak
 13732 | D:9      | Reached **** piety under Vehumet
 13802 | D:9      | Offered knowledge of Irradiate by Vehumet.
 13811 | D:9      | Learned a level 5 spell: Irradiate
 14110 | D:9      | Noticed a deep elf mage
 14131 | D:9      | Killed a deep elf mage
 14171 | D:9      | Noticed an orc knight
 14191 | D:9      | Killed an orc knight
 14466 | D:9      | Noticed Harold
 14708 | D:9      | Killed Harold
 14912 | D:9      | Found a glowing silver altar of Zin.
 14993 | D:9      | Noticed a cyclops
 15021 | D:10     | Entered Level 10 of the Dungeon
 15255 | D:10     | Noticed a five-headed hydra
 15270 | D:10     | Killed a five-headed hydra
 15271 | D:10     | Reached XP level 12. HP: 75/94 MP: 20/22
 16429 | D:11     | Noticed a two-headed ogre
 16689 | D:11     | Noticed a tengu warrior
 16699 | D:11     | Found a gate to the Vaults.
 16699 | D:11     | Found a runed translucent door.
 16699 | D:11     | Noticed a mature stingshock beast
 16699 | D:11     | Noticed a mature firebat beast
 16699 | D:11     | Noticed a mature fireox beast
 16711 | D:11     | Found an iron altar of Okawaru.
 17301 | Lair:1   | Entered Level 1 of the Lair of Beasts
 17322 | Lair:1   | Reached skill level 1 in Armour
 17367 | Lair:1   | Noticed a seven-headed hydra
 17387 | Lair:1   | Killed a seven-headed hydra
 17750 | Lair:1   | Reached ***** piety under Vehumet
 18461 | Lair:2   | Offered knowledge of Iron Shot by Vehumet.
 18981 | Lair:2   | Got a coiled bronze ring
 18989 | Lair:2   | Identified a scroll of acquirement
 18990 | Lair:2   | Identified the +2 pair of boots of the Sacrificial Victim
                  | {rElec rF+++ MR- Slay-6} (You acquired it on level 2 of the
                  | Lair of Beasts)
 18990 | Lair:2   | Identified the ring "Zangof" {Wiz Stlth+} (You acquired it
                  | on level 2 of the Lair of Beasts)
 18990 | Lair:2   | Identified Qiuhoun's Almanac of Attacks (You acquired it on
                  | level 2 of the Lair of Beasts)
 19199 | Lair:2   | Found a hole to the Spider Nest.
 19359 | Lair:2   | Reached skill level 10 in Fighting
 19491 | Lair:2   | Identified the ring "Sioplin" {Fire rElec} (You found it on
                  | level 2 of the Lair of Beasts)
 20182 | Lair:3   | Noticed an anaconda
 20310 | Lair:3   | Killed an anaconda
 20311 | Lair:3   | Reached XP level 13. HP: 75/103 MP: 18/25
 21322 | Lair:4   | Noticed Josephine
 21348 | Lair:4   | Killed Josephine
 21405 | Lair:4   | Noticed Nergalle
 21438 | Lair:4   | Killed Nergalle
 22196 | Lair:4   | Found a staircase to the Swamp.
 22800 | Lair:4   | Learned a level 8 spell: Ignition
 22980 | Lair:5   | Found a staircase to the Spriggan Forest.
 23122 | Lair:4   | Reached skill level 1 in Hexes
 23569 | Lair:5   | Reached skill level 5 in Armour
 23682 | Lair:5   | Got a transparent leather armour
 23695 | Lair:5   | Identified the +1 leather armour of Greed {Str+3} (You
                  | found it on level 5 of the Lair of Beasts)
 24047 | Lair:5   | Got a buzzing flail
 24337 | Forest:1 | Entered Level 1 of the Spriggan Forest
 24763 | Lair:6   | Entered Level 6 of the Lair of Beasts
 24858 | Lair:6   | Reached skill level 10 in Fire Magic
 25610 | Lair:6   | Reached XP level 14. HP: 113/113 MP: 3/26
 25797 | Lair:6   | Offered knowledge of Poison Arrow by Vehumet.
 26721 | Lair:6   | Reached skill level 5 in Hexes
 27050 | Lair:6   | Found a corrupted altar of Lugonu.
 27050 | Lair:6   | Found a one-way gate to the infinite horrors of the Abyss.
 27138 | Lair:6   | Got a sparkling bronze ring
 27155 | Lair:6   | Identified the ring of Mouqutho {rF+ rC+} (You found it on
                  | level 6 of the Lair of Beasts)
 28355 | D:11     | Reached skill level 10 in Spellcasting
 28469 | D:11     | Learned a level 4 spell: Lightning Bolt
 29640 | D:11     | Noticed Kirke
 29679 | D:11     | Killed Kirke
 29908 | D:12     | Entered Level 12 of the Dungeon
 30234 | D:12     | Offered knowledge of Bolt of Fire by Vehumet.
 30266 | D:11     | Learned a level 6 spell: Bolt of Fire
 30539 | D:12     | Found a runed door.
 30539 | D:12     | Found a white marble altar of Elyvilon.
 30540 | D:12     | Noticed an angel
 30866 | D:12     | Found an opulent altar of Gozag.
 30896 | D:12     | Noticed kuniqs's ghost (journeyman AvCj)
 30917 | D:12     | Noticed a frost giant
 30920 | D:12     | Reached skill level 1 in Transmutations
 31111 | D:12     | Identified the +1 chain mail of Nuhud {rF+ rC+} (You
                  | acquired it on level 12 of the Dungeon)
 31111 | D:12     | Identified the Compendium of Icy Conjuration (You acquired
                  | it on level 12 of the Dungeon)
 31161 | D:12     | Reached XP level 15. HP: 122/122 MP: 29/29
 31232 | D:12     | Noticed Roxanne
 31376 | D:12     | Found a runed translucent gate.
 31376 | D:12     | Found a runed translucent gate.
 31376 | D:12     | Found a runed translucent gate.
 31619 | D:12     | Found a staircase to the Depths.
 32097 | Orc      | Entered the Orcish Mines
 32155 | Orc      | Found a roughly hewn altar of Beogh.
 32185 | Orc      | Found a runed door.
 32186 | Orc      | Found a viscous altar of Jiyva.
 32889 | Orc      | Found Orulur's Distillery.
 32889 | Orc      | Found Seumorghi's General Store.
 32889 | Orc      | Found Jegeschicw's Distillery.
 32889 | Orc      | Found Qetemoxa's Antique Armour Shop.
 32904 | Orc      | Bought a faintly humming hat for 234 gold pieces
 32914 | Orc      | Identified the +1 hat of Idealism {rF+ MR- Int+5 Slay+3}
                  | (You bought it in a shop in the Orcish Mines)
 32942 | Orc      | Offered knowledge of Iskenderun's Battlesphere by Vehumet.
 33072 | Orc      | Found a staircase to the Slime Pits.
 33374 | Orc      | Found Jazutoi's Jewellery Shop.
 34017 | Swamp:1  | Entered Level 1 of the Swamp
 34084 | Swamp:1  | Noticed a thorn hunter
 34088 | Swamp:1  | Killed a thorn hunter
 34155 | Swamp:1  | Noticed Aizul
 34662 | Lair:4   | Found a staircase to the Swamp.
 35163 | Lair:4   | Killed Aizul
 35550 | Orc      | Bought the ring "Tiluel" {+Fly Int+3} for 393 gold pieces
 37066 | Swamp:2  | Got a serpentine wooden ring
 37147 | Swamp:1  | Identified the ring "Visir" {+Inv +Fly} (You found it on
                  | level 2 of the Swamp)
 37380 | Swamp:2  | Noticed a thorn hunter
 37383 | Swamp:2  | Killed a thorn hunter
 37629 | Swamp:2  | Reached XP level 16. HP: 126/131 MP: 32/32
 38602 | Swamp:3  | Entered Level 3 of the Swamp
 38628 | Swamp:3  | Got a scorched ring mail
 38633 | Swamp:3  | Identified the +3 ring mail of Cocytus {*Drain rC+++ Str-5
                  | Slay+6} (You found it on level 3 of the Swamp)
 39476 | Swamp:3  | Noticed Nikola
 39528 | Swamp:3  | Killed Nikola
 39714 | Swamp:3  | Noticed a bone dragon
 39716 | Swamp:3  | Noticed a thorn hunter
 39724 | Swamp:3  | Killed a thorn hunter
 40016 | Orc      | Bought an uncursed ring of see invisible for 221 gold
                  | pieces
 40185 | Spider:1 | Entered Level 1 of the Spider Nest
 40608 | Depths:1 | Entered Level 1 of the Depths
 41208 | Vaults:1 | Entered Level 1 of the Vaults
 41946 | Depths:1 | Learned a level 7 spell: Icicle Burst
 42262 | D:12     | Reached skill level 1 in Ice Magic
 42621 | Depths:1 | Found a gateway to a ziggurat.
 42913 | Lair:5   | Offered knowledge of Bolt of Cold by Vehumet.
 43070 | Forest:1 | Reached XP level 17. HP: 139/139 MP: 27/34
 44496 | Depths:1 | Learned a level 6 spell: Bolt of Cold
 45480 | Forest:1 | Reached skill level 5 in Ice Magic
 45641 | Forest:1 | Reached skill level 10 in Conjurations
 46540 | Depths:1 | Got an encrusted helmet
 46804 | D:12     | Identified the +1 helmet of Jaumos {rElec Str+4} (You found
                  | it on level 1 of the Depths)
 47239 | Depths:1 | Got a scorched long sword
 47595 | Depths:1 | Found a gateway to Hell.
 48228 | Depths:1 | Found a gateway to a ziggurat.
 48452 | Depths:1 | Found a gateway to Hell.
 48698 | Depths:2 | Found a hide-covered altar of Uskayaw.
 48698 | Depths:2 | Noticed a caustic shrike
 48698 | Depths:2 | Noticed a caustic shrike
 50103 | Spider:2 | Offered knowledge of Orb of Destruction by Vehumet.
 50117 | Spider:1 | Learned a level 7 spell: Orb of Destruction
 51472 | Spider:2 | Got a scintillating copper amulet
 52025 | Spider:3 | Entered Level 3 of the Spider Nest
 52073 | Spider:3 | Reached XP level 18. HP: 146/146 MP: 24/35
 52314 | Spider:3 | Identified the +2 cloak of Wyeri {Str+2} (You acquired it
                  | on level 3 of the Spider Nest)
 52314 | Spider:3 | Identified the ring "Wacruck" {MR+ Int+2} (You acquired it
                  | on level 3 of the Spider Nest)
 52314 | Spider:3 | Identified the Grimoire of Creative Arcane Weapons (You
                  | acquired it on level 3 of the Spider Nest)
 52656 | Spider:3 | Noticed Agnes
 52664 | Spider:3 | Killed Agnes
 52774 | Spider:3 | Reached ****** piety under Vehumet
 53035 | Spider:3 | Offered knowledge of Ozocubu's Refrigeration by Vehumet.
 53060 | Spider:3 | Learned a level 6 spell: Ozocubu's Refrigeration
 53969 | Spider:3 | Reached skill level 10 in Ice Magic
 54266 | Spider:3 | Reached skill level 10 in Hexes
 55239 | Spider:3 | Identified the amulet "Derunloxu" {Rage rC++ Str+4} (You
                  | found it on level 2 of the Spider Nest)
 55239 | Spider:3 | Got a gossamer rune of Zot
 56055 | Swamp:2  | Killed a bone dragon
 57018 | Swamp:3  | Offered knowledge of Lehudib's Crystal Spear by Vehumet.
 57018 | Swamp:3  | Offered knowledge of Glaciate by Vehumet.
 57018 | Swamp:3  | Offered knowledge of Chain Lightning by Vehumet.
 57347 | Swamp:3  | Got a decaying rune of Zot
 59675 | Forest:2 | Identified the +1 robe of the Sunfish {*Corrode *Drain
                  | Str+8 Int+9}
 60097 | Forest:2 | Reached XP level 19. HP: 153/153 MP: 37/37
 60450 | Forest:3 | Entered Level 3 of the Spriggan Forest
 60596 | Forest:3 | Noticed a caustic shrike
 60601 | Forest:3 | Killed a caustic shrike
 61832 | Forest:3 | Reached skill level 1 in Shields
 62074 | Forest:3 | Identified the +4 faerie dragon scales {rPois rCorr Str+3}
 62074 | Forest:3 | Noticed the Enchantress
 62776 | Depths:2 | Reached skill level 15 in Fighting
 63811 | Depths:2 | Reached skill level 15 in Spellcasting
 63811 | Depths:2 | Reached XP level 20. HP: 104/162 MP: 39/39
 65566 | Depths:3 | Identified the +3 leather armour of Decompression {+Fly MR+
                  | Int+2 Stlth+}
 65566 | Depths:3 | Noticed Boris
 66246 | Orc      | Bought a scroll of blinking for 105 gold pieces
 66729 | Depths:1 | Found a gateway to a ziggurat.
 67123 | Depths:1 | Killed a caustic shrike
 67124 | Depths:1 | Reached skill level 5 in Shields
 67595 | Depths:3 | Killed Boris
 67790 | Depths:3 | Found a one-way gate leading to the halls of Pandemonium.
 68653 | Depths:3 | Reached XP level 21. HP: 170/170 MP: 7/40
 69710 | Depths:4 | Found an iron altar of Okawaru.
 69735 | Depths:4 | Noticed Saint Roka
 69758 | Depths:4 | Killed Saint Roka
 70460 | Depths:4 | Noticed Xtahua
 70991 | Depths:4 | Killed Xtahua
 71125 | Depths:4 | Noticed a caustic shrike
 71127 | Depths:4 | Noticed a caustic shrike
 71131 | Depths:4 | Killed a caustic shrike
 71177 | Depths:4 | Noticed a caustic shrike
 71178 | Depths:4 | Noticed a caustic shrike
 71179 | Depths:4 | Noticed a caustic shrike
 71228 | Depths:4 | Killed a caustic shrike
 71245 | Depths:4 | Killed a caustic shrike
 71481 | Depths:4 | Killed a caustic shrike
 71483 | Depths:4 | Killed a caustic shrike
 71541 | Depths:4 | Noticed a golden dragon
 71570 | Depths:4 | Killed a golden dragon
 71937 | Depths:4 | Noticed a golden dragon
 71943 | Depths:4 | Killed a golden dragon
 71947 | Depths:4 | Noticed an ancient lich
 72129 | Depths:4 | Reached XP level 22. HP: 155/180 MP: 30/42
 72164 | Depths:4 | Noticed zoran's ghost (veteran VSSp)
 72164 | Depths:4 | Noticed a juggernaut
 72203 | Depths:4 | Found a runed translucent gate.
 72270 | Depths:4 | Found a runed translucent gate.
 72270 | Depths:4 | Found a runed translucent gate.
 72395 | Depths:4 | Noticed a Killer Klown
 72399 | Depths:4 | Killed a Killer Klown
 73237 | Vaults:1 | HP: 9/180 [dire elephant[an ironheart beastmaster] (9)]
 73238 | Vaults:1 | Mangled by an ironheart beastmaster

Skill      XL: |  1  2  3  4  5  6  7  8  9 10 11 12 13 14 15 16 17 18 19 20 21 22 |
---------------+-------------------------------------------------------------------+-----
Conjurations   | 1 2 3 4 5 6 7 8 9 11 12 13 | 13.0
Spellcasting   | 3 4 7 8 10 12 13 14 15 16 | 16.9
Fighting       | 1 2 3 4 6 7 8 10 11 12 13 14 15 16 | 16.9
Dodging        | 2 3 4 5 6 7 8 9 |  9.5
Long Blades    | 1 2 |  2.2
Fire Magic     | 3 4 5 6 7 9 10 11 12 13 14 | 14.3
Short Blades   | 1 2 4 |  4.7
Armour         | 3 5 6 8 |  8.0
Hexes          | 4 6 8 9 10 11 12 13 14 | 14.0
Transmutations | 1 3 |  3.0
Ice Magic      | 3 9 10 11 12 | 12.0
Shields        | 3 5 7 8 |  8.0
Stealth        | |  2.1

Action                   |  1- 3 |  4- 6 |  7- 9 | 10-12 | 13-15 | 16-18 | 19-21 | 22-24 || total
-------------------------+-------+-------+-------+-------+-------+-------+-------+-------++-------
Melee: Short sword       |    29 |       |       |       |       |       |       |       ||    29
       Falchion          |     1 |    61 |       |       |       |       |       |       ||    62
       Dagger            |       |    54 |     6 |       |       |       |       |       ||    60
       Rapier            |       |       |   158 |   164 |   235 |   100 |       |       ||   657
       Staff             |       |       |       |       |       |    19 |     4 |     1 ||    24
 Cast: Flame Tongue      |    59 |   103 |   134 |   100 |    78 |       |       |       ||   474
       Conjure Flame     |       |     1 |     6 |     3 |     3 |     5 |       |       ||    18
       Sticky Flame      |       |       |    17 |    80 |   119 |     8 |       |       ||   224
       Searing Ray       |       |       |     4 |    67 |    72 |     5 |       |       ||   148
       Irradiate         |       |       |       |     2 |     5 |    86 |       |       ||    93
       Fireball          |       |       |       |       |    60 |     4 |       |       ||    64
       Bolt of Fire      |       |       |       |       |   209 |   530 |   104 |     2 ||   845
       Lightning Bolt    |       |       |       |       |     2 |       |       |       ||     2
       Bolt of Cold      |       |       |       |       |       |    19 |       |       ||    19
       Orb of Destructio |       |       |       |       |       |    19 |    52 |       ||    71
       Icicle Burst      |       |       |       |       |       |    98 |   364 |    47 ||   509
       Ozocubu's Refrige |       |       |       |       |       |    42 |    78 |     8 ||   128
       Ignition          |       |       |       |       |       |       |     5 |       ||     5
 Abil: Evoke Flight      |       |       |       |       |     1 |     1 |     2 |     1 ||     5
       Stop Flying       |       |       |       |       |       |     1 |     1 |       ||     2
Evoke: Wand              |       |     4 |     3 |     6 |     2 |       |     2 |       ||    17
       Sack of spiders   |       |       |       |       |     1 |       |       |       ||     1
       Lamp of fire      |       |       |       |       |       |       |     1 |       ||     1
  Use: Scroll            |       |     1 |       |    19 |    12 |    24 |    14 |     1 ||    71
 Stab: Sleeping          |       |     1 |     6 |       |       |       |       |       ||     7
       Petrified         |       |     3 |       |       |     2 |       |       |       ||     5
       Distracted        |       |       |       |     1 |       |       |       |       ||     1
Armor: Robe              |     6 |    56 |    35 |    56 |       |       |       |       ||   153
       Ring mail         |       |       |       |    52 |   317 |   342 |    59 |       ||   770
       Leather armour    |       |       |       |       |       |       |    18 |       ||    18
       Quicksilver drago |       |       |       |       |       |       |    10 |    26 ||    36
Dodge: Dodged            |    31 |    84 |   142 |   312 |   486 |   412 |   153 |    32 ||  1652
Block: Buckler           |       |       |       |       |       |       |    75 |    32 ||   107
       Reflection        |       |       |       |       |       |       |    12 |     8 ||    20
